 Dungeon Crawl Stone Soup version 0.31-a0-1388-g4b2ba238e7 (webtiles) character file.

Game seed: 7165419935473608218

119 croobank the Firebug (level 4, -13/33 HPs)
             Began as a Demigod Fire Elementalist on Dec 24, 2023.
             Killed by an exploding Phlounder's ghost (18 damage)
             ... ignited by their inner flame
             ... on level 3 of the Dungeon.
             The game lasted 00:06:43 (4099 turns).

croobank the Firebug (Demigod Fire Elementalist)    Turns: 4099, Time: 00:06:43

Health: -13/33     AC:  3    Str:  9    XL:     4   Next: 46%
Magic:  10/10      EV: 12    Int: 21    God:
Gold:   169        SH:  0    Dex: 14    Spells: 1/7 levels left

rFire   + . .        e - +0 quarterstaff
rCold   x . .        (shield currently unavailable)
rNeg    . . .        a - +0 robe
rPois   .            i - +0 helmet
rElec   .            (no cloak)
rCorr   .            (no gloves)
SInv    .            (no boots)
Will    .....        (no amulet)
Stlth   +            j - ring of fire
HPRegen 0.25/turn    (no ring)
MPRegen 0.12/turn

%: no passive effects
@: confused, ambrosia-drunk
A: high MP 1, forlorn, divine attributes
a: no special abilities


You were on level 3 of the Dungeon.
You visited 1 branch of the dungeon, and saw 3 of its levels.

You collected 188 gold pieces.
You spent 19 gold pieces at shops.

Inventory:

Hand Weapons
 e - a +0 quarterstaff (weapon)
 f - a +0 dagger
 h - a +0 mace
 k - a +0 hand axe
 s - the +7 flail of the Fool {antimagic, rElec Int-3 Dex+2}
   (You found it on level 3 of the Dungeon)

   Int-3:     It affects your intelligence (-3).
   Dex+2:     It affects your dexterity (+2).
   rElec:     It insulates you from electricity.
Missiles
 c - 11 poisoned darts
Armour
 a - a +0 robe (worn)
 i - a +0 helmet (worn)
Jewellery
 j - a ring of fire (left hand)
 q - a ring of protection from cold
 t - a ring of protection from cold
Wands
 l - a wand of mindburst (11)
Scrolls
 d - a scroll of immolation {unknown}
 m - a scroll of amnesia {unknown}
 o - a scroll of fear {unknown}
 p - 4 scrolls of teleportation {unknown}
 r - a scroll of silence {unknown}
 u - a scroll of brand weapon {unknown}
Potions
 b - a potion of magic


   Skills:
 + Level 2.5 Dodging
 + Level 2.4 Stealth
 + Level 2.4 Spellcasting
 + Level 1.8 Conjurations
 + Level 0.9 Hexes
 + Level 3.2 Fire Magic


You had one spell level left.
You knew the following spells:

 Your Spells              Type           Power      Damage    Failure   Level
a - Foxfire               Conj/Fire      76%        2x1d7     4%          1
b - Scorch                Fire           48%        2d7       5%          2
c - Inner Flame           Hex/Fire       17%        N/A       19%         3

Your spell library contained the following spells:

 Spells                   Type           Power      Damage    Failure   Level
 Volatile Blastmotes      Fire/Tloc      28%        2d12      22%         3
 Flame Wave               Conj/Fire      19%        2d7       45%         4
 Animate Armour           Summ/Erth      4%         N/A       80%         4
 Summon Lightning Spire   Summ/Air       2%         N/A       80%         4
 Lee's Rapid Deconstruct  Erth           1%         3d4*      98%         5


Dungeon Overview and Level Annotations

Branches:
Dungeon (3/15)

Shops:
D:3 *


Innate Abilities, Weirdness & Mutations

You have an increased reservoir of magic. (+10% MP)
You shall have no god before yourself.
Your divine heritage dramatically boosts your attributes as you level up.


Message History

The quokka bites you.
Phlounder's ghost gestures wildly while chanting.
The rat barely misses you.
You closely miss Phlounder's ghost.
Phlounder's ghost is heavily damaged.
The quokka disappears in a puff of smoke!
The bat closely misses you.
Phlounder's ghost hits you but does no damage.
The bat hits you but does no damage. The rat bites you but does no damage.
Phlounder's ghost closely misses you.
You hit Phlounder's ghost but do no damage.
Phlounder's ghost is heavily damaged.
The bat hits you but does no damage. x2; The rat closely misses you.
The river rat bites you. Phlounder's ghost barely misses you.
You hit Phlounder's ghost.
Flame seeps out of Phlounder's ghost.
Phlounder's ghost is severely damaged.
The bat closely misses you. The bat misses you. The river rat bites you.
* * * LOW HITPOINT WARNING * * *
Phlounder's ghost is engulfed in blazing flames.
Flame seeps out of Phlounder's ghost.
Phlounder's ghost barely misses you. The rat closely misses you.
The river rat bites you.
* * * LOW HITPOINT WARNING * * *
You are confused.
You feel invigorated. The bat barely misses you.
The river rat bites you but does no damage.
Phlounder's ghost is engulfed in blazing flames.
Flame seeps out of Phlounder's ghost.
Phlounder's ghost closely misses you. The rat barely misses you.
The river rat closely misses you.
You're too confused to cast spells.
You're too confused to move!
The river rat bites you.
* * * LOW HITPOINT WARNING * * *
The bat closely misses you.
Phlounder's ghost is engulfed in blazing flames.
The river rat disappears in a puff of smoke!
The bat disappears in a puff of smoke!
The rat disappears in a puff of smoke!
The river rat disappears in a puff of smoke!
Phlounder's ghost explodes!
The fiery explosion engulfs you!! You resist.
Ouch! That really hurt!
You die...

#....#.##.#.# #...# #
#.##.#.##.#.######...#####
##.#..#.##................#
##.....#.##.########...###.#
##........##.# #...# #.#
#####...#'#......##############.#
.......##.##...#................#
......##...##.§§§.......#........
.....##.....##§°@§.....#.........
.##..#⌠.!♣?.⌠#.§§####..#...#.....
###..##.....##...# #..#.#.#.###[
###...##...##....####..#.....# #.
..#....##⌠##...........###...# #.
#.#.#...###....#.#####.# #...###.
#.#................#...###.......
#.###........#..............#####
..# #...#.#..#..#.##.######......


There were no monsters in sight!

Vanquished Creatures
  The ghost of Phlounder the Magician, a weakling DjEn (D:3)
  Terence (D:3)
  2 adders (D:2)
  A worm (D:2)
  6 dart slugs
  3 bats
  6 endoplasms
  4 giant cockroaches
  5 goblins
  7 hobgoblins
  4 jackals (D:2)
  7 kobolds
  2 quokkas
  4 ball pythons
  A frilled lizard (D:2)
  3 rats
57 creatures vanquished.

Vanquished Creatures (others)
  162 foxfires
162 creatures vanquished.

Grand Total: 219 creatures vanquished

Notes
Turn   | Place    | Note
-------+----------+-------------------------------------------
     0 | D:1      | croobank the Demigod Fire Elementalist began the quest for
                  | the Orb.
     0 | D:1      | Reached XP level 1. HP: 14/14 MP: 5/5
   178 | D:1      | Reached skill level 1 in Conjurations
   396 | D:1      | Reached XP level 2. HP: 20/20 MP: 2/7
   812 | D:1      | Learned a level 2 spell: Scorch
  1464 | D:2      | Reached XP level 3. HP: 26/26 MP: 5/8
  1468 | D:2      | Learned a level 3 spell: Inner Flame
  1868 | D:2      | Reached skill level 3 in Fire Magic
  2948 | D:3      | Noticed Terence
  2952 | D:3      | Killed Terence
  2953 | D:3      | Reached XP level 4. HP: 33/33 MP: 3/10
  3073 | D:3      | Noticed Phlounder's ghost (weakling DjEn)
  3074 | D:3      | Found a runed translucent door.
  3338 | D:3      | Found Upseoco's Assorted Antiques.
  3349 | D:3      | Bought an orange potion for 19 gold pieces
  3540 | D:3      | Identified the +7 flail of the Fool {antimagic, rElec Int-3
                  | Dex+2}
  4097 | D:3      | HP: 1/33 [river rat[Phlounder's ghost] (6)]
  4099 | D:3      | Killed Phlounder's ghost
  4099 | D:3      | Killed by an exploding Phlounder's ghost... ignited by
                  | their inner flame

Illustrated notes

Levels and vault maps discovered:
D:1:      denvon_arrival_hothouse, layout_basic
D:2:      layout_loops_corners, serial_co_window_serial, co_window_paths_a,
          co_window_paths_a, co_window_corner_a, co_window_paths_b,
          co_window_of_opportunity_a, co_window_paths_a, co_window_paths_a,
          co_window_paths_b, co_window_paths_a, co_window_of_opportunity_c,
          co_window_broadway_c, co_window_of_opportunity_c,
          co_window_broadway_a, co_window_unsneaky_path_c, co_window_2corner,
          co_window_paths_d, glass_columns_b, glass_columns_a, glass_columns_a,
          glass_columns_b, basic_altar, small_statue_intersection
D:3:      layout_basic, serial_shops, nicolae_shop_statue_plus,
          hellmonk_ghost_happy_afterlife, uniq_terence

Skill      XL: |  1  2  3 |
---------------+----------+-----
Conjurations   | 1 |  1.8
Stealth        | 2 |  2.4
Dodging        | 2 |  2.5
Spellcasting   | 2 |  2.4
Fire Magic     | 3 |  3.2
Hexes          | |  0.9

Action                     |  1- 3 |  4- 6 || total
---------------------------+-------+-------++-------
  Melee: Unarmed           |     2 |       ||     2
         Quarterstaff      |    33 |    13 ||    46
   Cast: Foxfire           |    84 |    10 ||    94
         Scorch            |     7 |    12 ||    19
         Inner Flame       |       |     1 ||     1
    Use: Potion            |       |     4 ||     4
   Stab: Sleeping          |     3 |       ||     3
 Armour: Robe              |    25 |    46 ||    71
  Dodge: Dodged            |    29 |    44 ||    73

Table legend: (Time is in decaauts)
 A = Elapsed time spent in this place.
 B = Non-inter-level travel time spent in this place.
 C = Inter-level travel time spent in this place.
 D = Time resting spent in this place.
 E = Time spent auto-exploring this place.
 F = Levels seen in this place.
 G = Mean time per level.
                   A        B        C        D        E       F      G
               +--------+--------+--------+--------+--------+-----+--------+
         Total |   4111 |   4075 |     36 |    370 |   3212 |   3 | 1370.3 |
       Dungeon |   4111 |   4075 |     36 |    370 |   3212 |   3 | 1370.3 |
               +--------+--------+--------+--------+--------+-----+--------+

Top non-repeatable levels by time:
     D:2: 1516 daAuts
     D:1: 1437 daAuts
     D:3: 1156 daAuts
